 Dungeon Crawl Stone Soup version 0.02-32-ge3bdf778cf (webtiles) character file.

Game seed: 11716730519677373792, levelgen mode: deterministic

1955 funkygono the Grappler (level 8, -4/72 HPs) Troll Demonspawn. Began on Sept 6, 2020. Slain by Harold ... wielding a +3 dire flail of holy wrath (12 damage) ... on level 4 of the Dungeon. The game lasted 00:16:01 (4287 turns).

funkygono the Grappler (Troll Demonspawn)           Turns: 4287, Time: 00:16:02

Health: -4/72      AC: 11    Str: 25    XL:     8 ^: 4
Magic:  9/9        EV: 11    Int:  8    God:
Gold:   174        SH:  4    Dex:  9    Spells: 8/9 levels left

rFire    . . .     Vision   .     - Unarmed
rCold    . . .     Gourm    +     - Unarmed
rNeg     . . .     Faith    .   a - +2 robe
rPois    .         Spirit   .   (helmet restricted)
rElec    .         Reflect  .   j - +2 cloak
rCorr    +         Harm     .   (gloves unavailable)
MR       .....                  (boots unavailable)
Stlth    ++........             (no amulet)
HPRegen  0.74/turn              k - ring of resist corrosion
MPRegen  0.19/turn              (no ring)

@: marked
A: large, unfitting armour, antennae 2, claws 3, large bone plates 1, fast
metabolism 3, gourmand, regeneration 1, shaggy fur 1, spiny 1, tough skin 3
a: no special abilities


You were on level 4 of the Dungeon.
You were very full.

You visited 1 branch of the dungeon, and saw 4 of its levels.

You collected 174 gold pieces.

Inventory:

Armour
 a - a +2 robe (worn)
 j - a +2 cloak (worn)
Jewellery
 k - a ring of resist corrosion (left claw)
Scrolls
 e - 3 scrolls of fog
 f - a scroll of amnesia
 i - 4 scrolls of teleportation
 m - 2 scrolls of blinking
 p - a scroll of magic mapping
 q - a scroll of fear
Potions
 b - 2 potions of agility
 d - a potion of curing
 g - a potion of magic
 h - 3 potions of heal wounds
 l - a potion of brilliance
 n - a potion of cancellation
 r - 4 potions of haste
 s - a potion of ambrosia
Comestibles
 c - 6 rations


   Skills:
 + Level 2.3 Fighting
 + Level 3.7 Dodging
 - Level 2.0 Stealth
 + Level 9.6 Unarmed Combat
 + Level 1.4 Spellcasting
   Level 2.4 Invocations


You had 8 spell levels left.
You knew the following spells:

 Your Spells              Type           Power        Failure   Level  Hunger
a - Flame Tongue          Fire           0 (40)       36%         1    ##.....

Your spell library contained the following spells:

 Spells                   Type           Power        Failure   Level  Hunger
 Blink                    Tloc           N/A          50%         2    ###....
 Call Imp                 Summ           0 (100)      50%         2    ###....
 Slow                     Hex            0 (100)      50%         2    ###....
 Conjure Flame            Fire           0 (100)      75%         3    ####...
 Mephitic Cloud           Pois/Air       0 (100)      75%         3    ####...


Dungeon Overview and Level Annotations

Branches:
Dungeon (4/8)              Temple (0/1) D:4

Altars:
Elyvilon
Makhleb
Sif Muna
Uskayaw

Shops:
D:2 !:

Annotations:
D:4 Harold


Innate Abilities, Weirdness & Mutations

You are too large for most types of armour.
You have a pair of antennae on your head.
You have claws for hands. (+6 Unarmed)
You are partially covered in large bone plates. (SH +4)
Your metabolism is lightning-fast.
You like to eat raw meat.
Your natural rate of healing is unusually fast.
You are covered in fur. (AC +1)
You are partially covered in sharp spines.
You have extremely tough skin. (AC +3)


Message History

You claw Harold (10)!
Harold is almost dead. (7/74) HP Harold zaps a wand.
You are caught in a web!
The stream of webbing hits you but does no damage (0).
You are even more entangled.
You struggle to detach yourself from the web.
Harold zaps a wand.
You are even more entangled.
The stream of webbing hits you but does no damage (0).
You are even more entangled.
You struggle to detach yourself from the web.
Harold gestures at you while chanting. The mark upon you grows brighter.
You struggle to detach yourself from the web.
Harold hits you with a +3 dire flail of holy wrath (14)!
You convulse (15)!
You disentangle yourself.
Harold hits you with a +3 dire flail of holy wrath (16)!
* * * LOW HITPOINT WARNING * * *
You convulse (12)!
You die...

{ { ##########
############.........
.....................
#'##.......##'#######
†..#.......#........#
<..#.......#.^......#
..##.......#.^..@@..#
..#......†.#######l.#
..#....................
###...............##...#
..÷.>.............##...##
..................
.......
..................
..>....
.......##########.
....... .......#


You could see Harold and an iguana.

Vanquished Creatures
  2 guardian mummies (D:3)
  A porcupine (D:4)
  A sky beast (D:4)
  A crocodile (D:2)
  3 big kobolds (D:2)
  A bullfrog (D:2)
  3 scorpions
  A howler monkey (D:3)
  2 orc priests (D:3)
  2 hounds (D:3)
  6 jellies (D:2)
  3 orc wizards (D:3)
  4 mummies (D:3)
  A porcupine skeleton (D:3)
  2 shadow imps
  4 adders
  5 gnolls
  24 sewer rats (D:2)
  10 cinder newts
  A worm (D:3)
  A hound zombie (D:3)
  2 howler monkey zombies (D:3)
  3 oozes (D:2)
  3 worker ant zombies (D:3)
  A dart slug (D:3)
  3 leopard geckos (D:2)
  9 orcs (D:3)
  2 adder skeletons
  An adder zombie (D:3)
  5 ball pythons
  A cinder newt skeleton (D:2)
  8 giant cockroaches
  2 goblins (D:1)
  5 hobgoblins (D:1)
  10 bats
  2 bat skeletons (D:2)
  A giant cockroach zombie (D:3)
  2 hobgoblin skeletons (D:2)
  3 jackal zombies (D:3)
  16 kobolds
  A leopard gecko skeleton (D:2)
  A leopard gecko zombie (D:3)
  2 quokka zombies (D:3)
  5 rats (D:1)
  9 withered plants (D:2)
175 creatures vanquished.

Vanquished Creatures (others)
  A sewer rat (D:2)
  2 kobolds (D:2)
  74 withered plants (D:2)
77 creatures vanquished.

Grand Total: 252 creatures vanquished

Notes
Turn   | Place    | Note
-------+----------+-------------------------------------------
     0 | D:1      | funkygono the Troll Demonspawn began the quest for the Orb.
     0 | D:1      | Reached XP level 1. HP: 19/19 MP: 1/1
   106 | D:1      | Gained mutation: You have a pair of small antennae on your
                  | head. [demonic ancestry]
   106 | D:1      | Reached XP level 2. HP: 25/28 MP: 2/2
   314 | D:1      | Reached XP level 3. HP: 35/35 MP: 4/4
  1081 | D:2      | Gained mutation: You have a pair of antennae on your head.
                  | [demonic ancestry]
  1081 | D:2      | Reached XP level 4. HP: 22/42 MP: 5/5
  1107 | D:2      | Reached skill level 3 in Unarmed Combat
  1222 | D:2      | Reached skill level 4 in Unarmed Combat
  1222 | D:2      | Reached XP level 5. HP: 41/49 MP: 6/6
  1389 | D:2      | Found Xad Arev's Book Shop.
  1480 | D:2      | Gained mutation: You are partially covered in sharp spines.
                  | [demonic ancestry]
  1480 | D:2      | Reached XP level 6. HP: 52/57 MP: 7/7
  1527 | D:2      | Reached skill level 5 in Unarmed Combat
  1740 | D:2      | Reached XP level 7. HP: 59/65 MP: 8/8
  1867 | D:2      | Reached skill level 6 in Unarmed Combat
  1890 | D:2      | Found Vorrik's Distillery.
  2098 | D:2      | Found a white marble altar of Elyvilon.
  2862 | D:3      | Reached skill level 7 in Unarmed Combat
  2972 | D:3      | Gained mutation: You are partially covered in large bone
                  | plates. (SH +4) [demonic ancestry]
  2972 | D:3      | Reached XP level 8. HP: 72/72 MP: 9/9
  2979 | D:3      | Found a runed translucent door.
  3071 | D:3      | Reached skill level 8 in Unarmed Combat
  3696 | D:3      | Found a burning altar of Makhleb.
  3703 | D:3      | Found a hide-covered altar of Uskayaw.
  3706 | D:3      | Found a shimmering blue altar of Sif Muna.
  3826 | D:3      | Reached skill level 9 in Unarmed Combat
  4250 | D:4      | Noticed Harold
  4251 | D:4      | Found a staircase to the Ecumenical Temple.
  4287 | D:4      | Slain by Harold

Levels and vault maps discovered:
D:1:      evilmike_arrival_fibonacci_small, layout_loops_corners,
          chequers_serial_rivers_micro_e
D:2:      layout_sewer, kennysheep_mini, serial_shops, shop, shop_statue
D:3:      ossuary_the_hunt_dpeg, layout_loops_corners,
          grunt_temple_overflow_diamond, first_ration
D:4:      layout_irregular_city, minmay_temple_entry_stoned_glass,
          hangedman_little_slice_of_home, grunt_nemelex_the_gamble, uniq_harold

Skill      XL: |  1  2  3  4  5  6  7  8 |
---------------+-------------------------+-----
Unarmed Combat | 4 5 7 9 |  9.6
Dodging        | 3 |  3.7
Fighting       | 2 |  2.3
Stealth        | 2 |  2.0
Spellcasting   | |  1.4
Invocations    | |  2.4

Action                   |  1- 3 |  4- 6 |  7- 9 || total
-------------------------+-------+-------+-------++-------
Melee: Unarmed           |    99 |   226 |   321 ||   646
  Use: Scroll            |     3 |       |     2 ||     5
       Potion            |       |       |     1 ||     1
 Stab: Sleeping          |     4 |     1 |     4 ||     9
       Invisible         |       |       |     1 ||     1
  Eat: Chunk             |    15 |     7 |    24 ||    46
Armor: Robe              |    26 |    33 |    29 ||    88
Dodge: Dodged            |    20 |    43 |    52 ||   115
Block: Other             |       |       |    15 ||    15
